 Dungeon Crawl Stone Soup version 0.29-a0-1008-g949cc1d0fb (webtiles) character file.

Game seed: 17227052747693401820

5281 vurker the Fighter (level 10, -5/145 HPs)
             Began as a Minotaur Artificer on Aug 7, 2022.
             Succumbed to a hornet's poison
             ... on level 9 of the Dungeon.
             The game lasted 00:12:01 (9242 turns).

vurker the Fighter (Minotaur Artificer)             Turns: 9242, Time: 00:12:01

Health: -5/145     AC: 25    Str: 21    XL:     10   Next: 37%
Magic:  0/9        EV:  2    Int:  8    God:
Gold:   407        SH:  0    Dex: 17    Spells: 9/9 levels left

rFire   . . .      SeeInvis .   x - +4 rapier (spect)
rCold   . . .      Faith    .   (no shield)
rNeg    . . .      Spirit   +   (body armour currently unavailable)
rPois   +          Reflect  .   (helmet currently unavailable)
rElec   .          Harm     .   (cloak currently unavailable)
rCorr   .          Rampage  .   (gloves currently unavailable)
Will    .....      NoTele   +   (boots currently unavailable)
Stlth   ++........              h - amulet of guardian spirit
HPRegen 0.34/turn               i - +4 ring of evasion
MPRegen 0.11/turn               o - +6 ring of dexterity

@: lethally poisoned (-5 -> -24), tree-form
A: stationary, stasis, torment immunity, boosted hp, (horns 2), (retaliatory
headbutt)
a: no special abilities


You were on level 9 of the Dungeon.
You were a tree.
You visited 1 branch of the dungeon, and saw 9 of its levels.

You collected 407 gold pieces.

Inventory:

Hand Weapons
 n - a +0 broad axe
   (You took it off Maggie on level 8 of the Dungeon)
 x - a +4 spectral rapier (weapon)
   (You took it off Eustachio on level 4 of the Dungeon)
Armour
 g - a +0 pair of boots (melded)
   (You found it on level 5 of the Dungeon)
 A - +0 storm dragon scales (melded)
   (You found it on level 7 of the Dungeon)
 B - +0 swamp dragon scales
   (You took it off Maggie on level 8 of the Dungeon)
Jewellery
 h - an amulet of guardian spirit (around neck)
   (You found it on level 5 of the Dungeon)
 i - a +4 ring of evasion (left branch)
   (You found it on level 1 of the Dungeon)
 o - a +6 ring of dexterity (right branch)
   (You found it on level 2 of the Dungeon)
 q - an amulet of reflection
   (You found it on level 2 of the Dungeon)
Wands
 d - a wand of iceblast (3) (quivered)
 e - a wand of charming (18)
 t - a wand of flame (69)
 y - a wand of roots (11)
   (You found it on level 6 of the Dungeon)
Scrolls
 j - a scroll of identify
 l - 2 scrolls of teleportation
 r - a scroll of enchant weapon
 v - a scroll of blinking
 z - 2 scrolls of magic mapping
 C - a scroll of brand weapon
 D - a scroll of fear
Potions
 b - 2 potions of ambrosia
 c - a potion of cancellation
 f - 6 potions of mutation
 k - 5 potions of might
 m - a potion of magic
 p - 6 potions of flight
 s - a potion of haste
 u - 2 potions of curing
 E - a potion of resistance


   Skills:
 + Level 11.8 Fighting
 * Level 6.3 Axes
 + Level 9.3 Armour
 + Level 8.2 Dodging
 - Level 0.7 Stealth
 - Level 2.6 Evocations


You had 9 spell levels left.
You didn't know any spells.
Your spell library contained the following spells:

 Spells                   Type           Power      Damage    Failure   Level
 Call Canine Familiar     Summ           0%         N/A       78%         3
 Portal Projectile        Hex/Tloc       0%         N/A       78%         3
 Leda's Liquefaction      Hex/Erth       0%         N/A       99%         4
 Alistair's Intoxication  Tmut/Pois      0%         N/A       100%        5
 Borgnjor's Vile Clutch   Necr/Erth      0%         N/A       100%        5
 Eringya's Noxious Bog    Tmut/Pois      0%         N/A       100%        6


Dungeon Overview and Level Annotations

Branches:
Dungeon (9/15)             Temple (0/1) D:4
   Lair: D:8-11         Orc: D:9-12

Altars:
Dithmenos
Elyvilon
Hepliaklqana
Makhleb
Nemelex Xobeh
Vehumet
Wu Jian

Shops:
D:3 *

Annotations:
D:4 1 runed translucent door, leavemydog's ghost, amateur HOFi


Innate Abilities, Weirdness & Mutations

You are a tree.
Your roots penetrate the ground, keeping you stationary.
You cannot be teleported.
You are immune to unholy pain and torment.
Your maximum health is greatly increased.
Your equipment is partially melded.
((You have a pair of horns on your head.))
((You reflexively headbutt those who attack you in melee.))


Message History

You feel much better.
You feel very sick. The hornet stings you.
* * * LOW HITPOINT WARNING * * *
The hornet stings you but does no damage.
The yak gores you but does no damage.
The orc warrior hits you but does no damage. x2
The hornet stings you but does no damage.
The yak gores you but does no damage. x2
You miss the hornet.
Your +4 spectral rapier closely misses the hornet.
You are no longer corroded.
You feel very sick. The hornet stings you.
* * * LOW HITPOINT WARNING * * *
You suddenly lose the ability to move!
The yak gores you but does no damage. x2
The orc warrior hits you from afar with a +0 trident!
* * * LOW HITPOINT WARNING * * *
The hornet stings you but does no damage.
You can move again.
Unknown command.
You feel better.
The hornet stings you but does no damage.
The yak barely misses you. The yak gores you.
* * * LOW HITPOINT WARNING * * *
The orc warrior hits you from afar with a +0 trident.
* * * LOW HITPOINT WARNING * * *
The hornet stings you but does no damage.
The yak barely misses you.
The orc warrior hits you but does no damage.
The yak gores you but does no damage.
You puncture the hornet!
Your +4 spectral rapier misses the hornet.
The hornet stings you.
* * * LOW HITPOINT WARNING * * *
You are poisoned.
The hornet stings you but does no damage.
The yak gores you.
* * * LOW HITPOINT WARNING * * *
The yak gores you but does no damage.
The orc warrior hits you but does no damage.
The hornet stings you!
* * * LOW HITPOINT WARNING * * *
You are more poisoned.
The orc warrior hits you but does no damage.
The yak barely misses you. The yak gores you but does no damage.
You miss the hornet.
Your +4 spectral rapier closely misses the hornet.
You feel yourself speed up.
You die...

..#.....YYy...##...####.##.##...#
..#...†.......##...# ##.##.##...#
..#........[.........#...........
..#...##......##.....#...<.......
.##...##......##.....#...........
#....#......##.....#########..#
#.....#......########## ###
#.....#......o(.......# #....
......y♣......# ......YY......#
.....##.......# .... ######+##
... .. .


You could see 2 yaks, a hornet, an orc warrior and a friendly +4 spectral rapier
(summoned).

Vanquished Creatures
  Pikel (D:8)
  Maggie (D:8)
  Psyche (D:8)
  2 dream sheep (D:9)
  Eustachio (D:4)
  A yak (D:8)
  A wyvern (D:9)
  Menkaure (D:4)
  2 acid dragons
  2 water moccasins
  An orc warrior (D:8)
  An ice beast (D:7)
  3 centaurs
  2 phantoms
  2 lemures (D:8)
  4 kobold brigands
  2 necrophages
  2 gnoll sergeants
  4 bullfrogs
  A scorpion (D:5)
  3 wights (D:8)
  6 killer bees (D:9)
  A crimson imp (D:7)
  4 hounds
  4 orc priests
  2 jellies
  A gnoll bouda (D:8)
  5 iguanas
  7 orc wizards
  A mummy (D:7)
  17 gnolls
  9 adders
  A shadow imp (D:7)
  2 white imps
  An ufetubus (D:7)
  5 worms
  3 dart slugs
  22 orcs
  9 ball pythons
  7 endoplasms
  4 giant cockroaches
  6 goblins
  4 hobgoblins
  6 quokkas
  10 bats
  A frilled lizard (D:1)
  2 hobgoblin zombies (D:7)
  27 kobolds
  2 orc zombies (D:7)
  3 rats
210 creatures vanquished.

Vanquished Creatures (others)
  A quokka (D:3)
  3 plants (D:2)
4 creatures vanquished.

Grand Total: 214 creatures vanquished

Notes
Turn   | Place    | Note
-------+----------+-------------------------------------------
     0 | D:1      | vurker the Minotaur Artificer began the quest for the Orb.
     0 | D:1      | Reached XP level 1. HP: 16/16 MP: 0/0
   351 | D:1      | Reached skill level 2 in Fighting
   351 | D:1      | Reached XP level 2. HP: 20/24 MP: 1/1
   867 | D:1      | Reached XP level 3. HP: 30/30 MP: 2/2
  1532 | D:2      | Reached skill level 3 in Fighting
  1867 | D:2      | Found a faded altar of an unknown god.
  1948 | D:2      | Reached XP level 4. HP: 38/38 MP: 3/3
  2374 | D:3      | Reached skill level 4 in Fighting
  2405 | D:3      | Found a shadowy altar of Dithmenos.
  2496 | D:3      | Found a white marble altar of Elyvilon.
  2529 | D:3      | Found Kiareseh's General Store.
  3098 | D:3      | Reached XP level 5. HP: 45/46 MP: 4/4
  3480 | D:4      | Noticed Eustachio
  3531 | D:4      | Killed Eustachio
  3532 | D:4      | Reached skill level 5 in Fighting
  3532 | D:4      | Reached XP level 6. HP: 11/57 MP: 5/5
  3900 | D:4      | Reached skill level 6 in Fighting
  3929 | D:4      | Found a runed translucent door.
  3929 | D:4      | Noticed leavemydog's ghost (amateur HOFi)
  3956 | D:4      | Noticed Menkaure
  3961 | D:4      | HP: 2/57 [Menkaure (5)]
  3964 | D:4      | Killed Menkaure
  3965 | D:4      | Reached skill level 5 in Armour
  3965 | D:4      | Reached XP level 7. HP: 3/64 MP: 6/6
  3999 | D:4      | Found an ornate altar of the Wu Jian Council.
  4385 | D:4      | Found a staircase to the Ecumenical Temple.
  4553 | D:5      | Entered Level 5 of the Dungeon
  4856 | D:5      | Reached skill level 7 in Fighting
  5100 | D:5      | Found a sparkling altar of Nemelex Xobeh.
  5402 | D:5      | Reached skill level 5 in Dodging
  5403 | D:5      | Reached XP level 8. HP: 36/74 MP: 7/7
  5682 | D:6      | Reached skill level 8 in Fighting
  5728 | D:6      | You fall into a shaft and drop 1 floor!
  6113 | D:7      | Reached skill level 9 in Fighting
  6435 | D:6      | Found a hazy altar of Hepliaklqana.
  6750 | D:7      | Reached skill level 10 in Fighting
  6754 | D:7      | Reached XP level 9. HP: 44/85 MP: 4/8
  7326 | D:7      | Found a radiant altar of Vehumet.
  7326 | D:7      | Found a burning altar of Makhleb.
  7590 | D:8      | Noticed Maggie
  7602 | D:8      | Killed Maggie
  7604 | D:8      | Reached skill level 11 in Fighting
  7776 | D:8      | Reached skill level 1 in Axes
  7804 | D:8      | Noticed Psyche
  7810 | D:8      | Killed Psyche
  8626 | D:9      | Noticed Pikel
  8754 | D:8      | Killed Pikel
  8755 | D:8      | Reached XP level 10. HP: 77/96 MP: 6/9
  8787 | D:9      | Reached skill level 5 in Axes
  9236 | D:9      | Paralysed by a hornet for 1 turns
  9239 | D:9      | Paralysed by a hornet for 1 turns
  9241 | D:9      | HP: 3/145 [hornet (7)]
  9242 | D:9      | Succumbed to a hornet's poison

Illustrated notes

Levels and vault maps discovered:
D:1:      nicolae_arrival_somewhat_less_tricky_arrival, layout_basic,
          serial_bayou_pond_a
D:2:      layout_basic, chequers_ecumenical_altar_lobes, serial_bayou_pond_d
D:3:      layout_loops_ring, elyvilon_altar_4, mainiacjoe_overflow_chevrons,
          serial_shops, shop
D:4:      layout_cave_pools, nicolae_wu_jian_immortal_techniques,
          minmay_temple_entry_nine_rooms, ebering_ghost_reflecting_pool,
          saegor_snake_ambush, uniq_eustachio, uniq_menkaure
D:5:      nicolae_cairo_tiling_very_big, layout_loops_ring,
          mainiacjoe_overflow_six_doors_small
D:6:      layout_rooms, mainiacjoe_overflow_alcove_1
D:7:      layout_loops_ring, grunt_temple_overflow_lords_of_destruction,
          minmay_mini_ossuary
D:8:      layout_basic, grunt_ministairs_8, serial_park_tiny_1, uniq_psyche,
          uniq_maggie
D:9:      layout_gridville, nicolae_tso_swordbearing_angel,
          dreamdust_gnoll_shepherd, uniq_pikel, uniq_joseph, uniq_erica

Skill      XL: |  1  2  3  4  5  6  7  8  9 10 |
---------------+-------------------------------+-----
Fighting       | 2 3 4 5 6 7 10 11 | 11.8
Armour         | 3 4 5 6 7 8 9 |  9.3
Dodging        | 2 3 4 5 6 7 8 |  8.2
Axes           | 4 6 |  6.3
Stealth        | |  0.7
Evocations     | |  2.6

Action                   |  1- 3 |  4- 6 |  7- 9 | 10-12 || total
-------------------------+-------+-------+-------+-------++-------
Melee: Club              |    11 |       |       |       ||    11
       Headbutt          |    13 |    51 |    56 |     9 ||   129
       Dagger            |    76 |   173 |       |       ||   249
       Rapier            |       |     9 |   231 |    52 ||   292
       Punch             |       |       |     3 |       ||     3
Evoke: Wand              |       |     6 |       |       ||     6
  Use: Scroll            |       |       |    23 |       ||    23
       Potion            |       |       |     1 |     3 ||     4
 Stab: Sleeping          |     5 |       |       |       ||     5
       Distracted        |       |       |     2 |     1 ||     3
Armor: Leather armour    |    14 |       |       |       ||    14
       Ring mail         |     9 |     3 |       |       ||    12
       Chain mail        |       |    74 |    40 |       ||   114
       Storm dragon scal |       |       |    45 |    31 ||    76
       Skin              |       |       |       |    21 ||    21
Dodge: Dodged            |    55 |   125 |   157 |    66 ||   403
Block: Other             |       |    47 |    18 |       ||    65

Table legend: (Time is in decaauts)
 A = Elapsed time spent in this place.
 B = Non-inter-level travel time spent in this place.
 C = Inter-level travel time spent in this place.
 D = Time resting spent in this place.
 E = Time spent auto-exploring this place.
 F = Levels seen in this place.
 G = Mean time per level.
                   A        B        C        D        E       F      G
               +--------+--------+--------+--------+--------+-----+--------+
         Total |   9328 |   9055 |    273 |    123 |   7437 |   9 | 1036.4 |
       Dungeon |   9328 |   9055 |    273 |    123 |   7437 |   9 | 1036.4 |
               +--------+--------+--------+--------+--------+-----+--------+

Top non-repeatable levels by time:
     D:4: 1491 daAuts
     D:8: 1458 daAuts
     D:7: 1297 daAuts
     D:1: 1194 daAuts
     D:5: 1117 daAuts
     D:3: 1104 daAuts
     D:2: 801 daAuts
     D:6: 463 daAuts
     D:9: 399 daAuts
